 Dungeon Crawl Stone Soup version 0.24.0-41-g2ae2f7f1be (webtiles) character file.

Game seed: 9622435171445557972, levelgen mode: deterministic

22891 Goreval the Grappler (level 12, -1/120 HPs)
             Began as a Troll Berserker on Dec 13, 2019.
             Was a High Priest of Trog.
             Slain by a five-headed hydra (10 damage)
             ... on level 3 of the Lair of Beasts.
             The game lasted 00:29:32 (11863 turns).

Goreval the Grappler (Troll Berserker)             Turns: 11863, Time: 00:29:33

Health: -1/120     AC: 11    Str: 31    XL:     12   Next: 67%
Magic:  14/14      EV: 12    Int:  3    God:    Trog [*****.]
Gold:   855        SH: 11    Dex: 10    Spells: 11/11 levels left

rFire    . . .     SeeInvis .     - Unarmed
rCold    . . .     Gourm    +   C - +0 shield
rNeg     . . .     Faith    .   a - +1 animal skin
rPois    +         Spirit   .   (helmet restricted)
rElec    .         Reflect  .   E - +0 cloak
rCorr    .         Harm     .   (gloves unavailable)
MR       .....                  (boots unavailable)
Stlth    +.........             L - amulet of regeneration
HPRegen  1.10/turn              d - +3 ring of protection
MPRegen  0.14/turn              t - ring of poison resistance

@: about to teleport, slowed, very slow
A: large, unfitting armour, claws 3, fast metabolism 3, gourmand, regeneration
1, shaggy fur 1, tough skin 3
a: Berserk, Trog's Hand, Brothers in Arms, Renounce Religion


You were on level 3 of the Lair of Beasts.
You worshipped Trog.
Trog was extremely pleased with you.
You were not hungry.

You visited 2 branches of the dungeon, and saw 15 of its levels.

You collected 855 gold pieces.

Inventory:

Hand Weapons
 u - a +1 giant spiked club
 G - a +2 antimagic demon whip
Missiles
 k - 465 stones
 z - 13 large rocks (quivered)
 B - 7 atropa-tipped darts
 J - 3 javelins
Armour
 a - a +1 animal skin (worn)
 C - a +0 shield (worn)
 E - a +0 cloak (worn)
Jewellery
 d - a +3 ring of protection (left claw)
 p - an uncursed amulet of guardian spirit
 t - a ring of poison resistance (right claw)
 y - a +2 ring of evasion {unknown}
 I - an uncursed ring of fire {unknown}
 L - an amulet of regeneration (around neck)
Wands
 h - a wand of acid (13)
 x - a wand of flame (47)
 F - a wand of scattershot (3)
 K - a wand of disintegration (5)
Scrolls
 c - 3 scrolls of enchant armour
 e - a scroll of immolation {unknown}
 j - a scroll of blinking
 m - 5 scrolls of teleportation
 o - 5 scrolls of enchant weapon
 s - 6 scrolls of remove curse
 w - 3 scrolls of fog
Potions
 f - a potion of brilliance {unknown}
 g - 2 potions of mutation
 i - a potion of magic {unknown}
 l - a potion of invisibility {unknown}
 n - 8 potions of heal wounds
 q - 3 potions of curing
 r - 3 potions of flight {unknown}
 v - 3 potions of lignification
 A - 2 potions of might {unknown}
 D - a potion of haste {unknown}
 H - a potion of ambrosia {unknown}
 M - 2 potions of resistance {unknown}
Comestibles
 b - 24 rations


   Skills:
 + Level 8.2 Fighting
 - Level 4.0 Throwing
 + Level 8.3 Dodging
 * Level 6.8 Shields
 * Level 13.2 Unarmed Combat
 - Level 4.0 Evocations


You had 11 spell levels left.
You didn't know any spells.
Your spell library was empty.

Dungeon Overview and Level Annotations

Branches:
Dungeon (11/15)            Temple (0/1) D:5            Lair (4/6) D:11
 Shoals (0/4) Lair:2          Orc (0/2) D:9
  Snake: Lair:2-4    Spider: Lair:2-4

Altars:
Cheibriados
Gozag
Kikubaaqudgha
Nemelex Xobeh
Okawaru
Qazlal
Ru
Xom
Jiyva

Annotations:
D:10 3 runed translucent doors
Lair:2 3 runed translucent doors, Elebi's ghost, journeyman DrTm


Innate Abilities, Weirdness & Mutations

You are too large for most types of armour.
You have claws for hands.
Your metabolism is lightning-fast.
You like to eat raw meat.
Your natural rate of healing is unusually fast.
You are covered in fur. (AC +1)
You have extremely tough skin. (AC +3)


Message History

The torpor snail barely misses you.
Your troll bites the torpor snail.
Your troll claws the torpor snail! x2; The yak misses you.
You block the five-headed hydra's attack.
The five-headed hydra barely misses you.
You block the five-headed hydra's attack.
The five-headed hydra bites you!
* * * LOW HITPOINT WARNING * * *
The five-headed hydra bites you but does no damage.
You feel much better. The yak gores you!
* * * LOW HITPOINT WARNING * * *
Your troll bites the torpor snail!!
The torpor snail dies!
Trog accepts your kill. The five-headed hydra bites you!
* * * LOW HITPOINT WARNING * * *
The five-headed hydra bites you!
* * * LOW HITPOINT WARNING * * *
You block the five-headed hydra's attack.
The five-headed hydra bites you!
You die...

### ### ##### ### ###.# #.# #...#
#.## #..## #.# ##.## ##..# ##.##
##.# #.## #..## #...# #..# #..#
####.## ##.## #..###
#########.P###.##Y.# #.# #P.#.#
.<.(...........T@.## #.# ##....
#.######.##P#...D.#####.# #.#..
.## #.########...#.#.# #..## ##
#.## ##.......#####.### ##..###
##...#..#...##..## ###
#.....###.#.#####........#
##.#####...........# ##....##..#
.........###.####.P###...####.###
####...#.# ### ##..#P##.## #..##P


You could see a five-headed hydra, a yak and a friendly troll (berserk).

Vanquished Creatures
  3 two-headed ogres
  Pikel (D:6)
  A deep elf mage (D:10)
  A black mamba (Lair:1)
  2 gargoyles
  7 spiny frogs
  4 komodo dragons
  A merfolk (D:10)
  A hornet (D:11)
  Grinder (D:5)
  4 hippogriffs
  10 blink frogs
  Sigmund (D:5)
  23 yaks
  Grum (D:9)
  A wyvern (D:9)
  A basilisk (Lair:3)
  A steam dragon (D:11)
  Menkaure (D:5)
  7 water moccasins
  7 porcupines
  3 black bears
  2 ice beasts (D:7)
  3 sky beasts
  7 orc warriors
  A phantom (D:5)
  3 wolves (D:9)
  8 ogres
  A necrophage (D:9)
  A centaur (D:5)
  13 crocodiles
  Blork the orc (D:6)
  9 bullfrogs
  2 wyvern zombies
  4 scorpions
  5 killer bees (D:7)
  13 wights
  4 howler monkeys
  2 bullfrog zombies
  8 crimson imps
  A quasit (D:6)
  6 jellies
  10 orc priests
  A centaur skeleton (D:5)
  3 hounds
  3 bullfrog skeletons
  6 iguanas
  7 orc wizards
  9 worker ants
  3 hound zombies
  3 worker ant zombies
  10 adders
  6 gnolls
  2 shadow imps
  3 oozes
  2 worms
  A dart slug (D:2)
  8 leopard geckos
  38 orcs
  4 bats
  6 giant cockroaches
  10 goblins
  2 hobgoblins (D:1)
  6 jackals
  5 quokkas
  3 frilled lizards
  A jackal skeleton (D:4)
  A jackal zombie (D:5)
  6 kobolds
  A leopard gecko skeleton (D:5)
  2 quokka skeletons
  7 rats
345 creatures vanquished.

Vanquished Creatures (collateral kills)
  A torpor snail (Lair:3)
1 creature vanquished.

Vanquished Creatures (others)
  Eustachio (D:6)
  A slave (D:6)
  A gnoll (D:6)
  An orc (D:10)
  2 fungi
6 creatures vanquished.

Grand Total: 352 creatures vanquished

Notes
Turn   | Place    | Note
-------+----------+-------------------------------------------
     0 | D:1      | Goreval the Troll Berserker began the quest for the Orb.
     0 | D:1      | Reached XP level 1. HP: 22/22 MP: 0/0
   188 | D:1      | Reached XP level 2. HP: 22/29 MP: 1/1
   896 | D:3      | Reached XP level 3. HP: 36/36 MP: 2/2
   902 | D:3      | Reached ** piety under Trog
  1006 | D:3      | Found a shimmering altar of Xom.
  1148 | D:3      | Reached skill level 4 in Unarmed Combat
  1194 | D:3      | Reached XP level 4. HP: 42/44 MP: 3/3
  1373 | D:3      | Reached XP level 5. HP: 53/53 MP: 4/4
  1819 | D:4      | Reached skill level 5 in Unarmed Combat
  1974 | D:4      | Reached XP level 6. HP: 53/61 MP: 3/5
  2075 | D:4      | Reached *** piety under Trog
  2160 | D:4      | Reached skill level 6 in Unarmed Combat
  2160 | D:4      | Reached XP level 7. HP: 68/68 MP: 6/6
  2392 | D:5      | Entered Level 5 of the Dungeon
  2418 | D:5      | Found a staircase to the Ecumenical Temple.
  2439 | D:5      | Noticed Grinder
  2453 | D:5      | Killed Grinder
  2453 | D:5      | Reached skill level 7 in Unarmed Combat
  2506 | D:5      | Found a stormy altar of Qazlal.
  2517 | D:5      | Noticed Sigmund
  2523 | D:5      | Killed Sigmund
  2523 | D:5      | Reached XP level 8. HP: 79/79 MP: 7/7
  2612 | D:5      | Noticed Menkaure
  2616 | D:5      | Killed Menkaure
  2811 | D:5      | Reached skill level 8 in Unarmed Combat
  2899 | D:5      | Reached skill level 5 in Fighting
  2899 | D:5      | Reached skill level 5 in Dodging
  3124 | D:4      | Found a sacrificial altar of Ru.
  3391 | D:6      | Noticed Pikel
  3413 | D:6      | Killed Pikel
  3413 | D:6      | Reached skill level 9 in Unarmed Combat
  3413 | D:6      | Reached XP level 9. HP: 79/88 MP: 5/8
  3471 | D:6      | Reached **** piety under Trog
  3571 | D:6      | Noticed Blork the orc
  3576 | D:6      | Killed Blork the orc
  3577 | D:6      | Reached skill level 1 in Evocations
  3616 | D:6      | Killed Eustachio
  3831 | D:6      | Found a sparkling altar of Nemelex Xobeh.
  4179 | D:7      | Reached skill level 10 in Unarmed Combat
  4397 | D:7      | Reached XP level 10. HP: 100/100 MP: 7/10
  4406 | D:7      | Reached ***** piety under Trog
  4978 | D:8      | Found an iron altar of Okawaru.
  4999 | D:8      | Noticed a gargoyle
  5021 | D:8      | Killed a gargoyle
  5090 | D:8      | Received a gift from Trog
  5376 | D:8      | Noticed a two-headed ogre
  5381 | D:8      | Killed a two-headed ogre
  5381 | D:8      | Reached skill level 1 in Throwing
  5381 | D:8      | Reached skill level 1 in Shields
  5381 | D:8      | Reached skill level 11 in Unarmed Combat
  5646 | D:9      | Found a staircase to the Orcish Mines.
  5809 | D:9      | Received a gift from Trog
  6143 | D:9      | Noticed Grum
  6156 | D:9      | Killed Grum
  6716 | D:9      | Noticed a two-headed ogre
  6728 | D:9      | Killed a two-headed ogre
  6728 | D:9      | Reached XP level 11. HP: 109/109 MP: 7/12
  7041 | D:10     | Entered Level 10 of the Dungeon
  7332 | D:10     | Noticed a two-headed ogre
  7345 | D:10     | Killed a two-headed ogre
  7609 | D:10     | Found a runed translucent gate.
  7609 | D:10     | Found a runed translucent gate.
  7609 | D:10     | Found a runed translucent gate.
  7609 | D:10     | Noticed a white very ugly thing
  7609 | D:10     | Noticed a white ugly thing
  7609 | D:10     | Noticed a brown ugly thing
  7610 | D:10     | Noticed a purple ugly thing
  7743 | D:10     | Noticed a deep elf mage
  7748 | D:10     | Killed a deep elf mage
  8180 | D:11     | Reached skill level 12 in Unarmed Combat
  8203 | D:11     | Found a staircase to the Lair.
  8225 | D:11     | Received a gift from Trog
  8551 | D:11     | Found a stormy altar of Qazlal.
  8770 | Lair:1   | Entered Level 1 of the Lair of Beasts
  8784 | Lair:1   | Found a snail-covered altar of Cheibriados.
  8840 | Lair:1   | Reached skill level 5 in Shields
  9124 | Lair:1   | Found an ancient bone altar of Kikubaaqudgha.
  9142 | Lair:1   | Reached XP level 12. HP: 90/119 MP: 13/13
 10015 | Lair:2   | Received a gift from Trog
 10338 | Lair:2   | Found a staircase to the Shoals.
 10499 | Lair:2   | Reached skill level 13 in Unarmed Combat
 10590 | Lair:2   | Found a runed translucent gate.
 10590 | Lair:2   | Found a runed translucent gate.
 10590 | Lair:2   | Found a runed translucent gate.
 10596 | Lair:2   | Noticed Elebi's ghost (journeyman DrTm)
 10598 | Lair:2   | Found a viscous altar of Jiyva.
 11796 | Lair:4   | Found an opulent altar of Gozag.
 11823 | Lair:4   | Noticed a five-headed hydra
 11856 | Lair:4   | Noticed a five-headed hydra
 11863 | Lair:3   | Slain by a five-headed hydra

Levels and vault maps discovered:
D:1:      mrwooster_arrival_statue_3, layout_loops_ring, kennysheep_boxes
D:2:      layout_basic, vehumet_crystals, minmay_tromino_i4, uniq_natasha
D:3:      layout_loops_ring, first_ration, brannock_xom_greatest_gift
D:4:      layout_rooms, nicolae_overflow_hidden_temple
D:5:      lemuel_ice_spiral_2, layout_basic, lemuel_crystal_altar,
          minmay_temple_entry_antechambers, kennysheep_generic_room_4,
          uniq_menkaure, uniq_grinder, uniq_sigmund
D:6:      layout_cave_pools, nemelex_dance_club_becter, uniq_blork_the_orc,
          uniq_eustachio, uniq_pikel
D:7:      layout_rooms, bh_walls_and_bars
D:8:      layout_basic, basic_altar
D:9:      minmay_recursive_quarters, layout_layer_cave, orc_0_dummy, uniq_grum
D:10:     layout_irregular_city, ploomutoo_gammafunk_ghost_potion_laboratory,
          hangedman_stone_soup
D:11:     layout_cave_pools, minmay_lair_entry_grove, basic_altar
Lair:1:   layout_layer_cave, basic_altar, lemuel_altar_in_water2
Lair:2:   layout_concentric_octagons, elwin_shoals_entry_rocks,
          gammafunk_ghost_ooze
Lair:3:   layout_small_grid
Lair:4:   layout_loops_ring, minmay_snake_entry_guardpost_medium, basic_altar,
          gammafunk_lair_bear_cave

Skill      XL: |  1  2  3  4  5  6  7  8  9 10 11 12 |
---------------+-------------------------------------+-----
Unarmed Combat | 4 5 6 7 9 10 11 12 13 | 13.2
Dodging        | 3 4 5 6 7 8 |  8.3
Fighting       | 3 4 5 6 7 8 |  8.2
Evocations     | 2 3 4 |  4.0
Throwing       | 2 3 4 |  4.0
Shields        | 3 5 6 |  6.8

Action                   |  1- 3 |  4- 6 |  7- 9 | 10-12 || total
-------------------------+-------+-------+-------+-------++-------
Melee: Unarmed           |    93 |   121 |   223 |   595 ||  1032
       Punch             |     1 |     2 |     7 |     2 ||    12
Throw: Large rock        |       |       |       |     3 ||     3
Invok: Berserk           |       |     5 |     9 |    14 ||    28
       Trog's Hand       |       |     1 |       |       ||     1
       Brothers in Arms  |       |       |       |     1 ||     1
  Use: Scroll            |       |       |     9 |    11 ||    20
       Potion            |       |       |       |     1 ||     1
  Eat: Chunk             |    16 |    13 |    30 |    71 ||   130
       Ration            |       |       |       |     2 ||     2
Armor: Animal skin       |    34 |    41 |    69 |   124 ||   268
Dodge: Dodged            |    44 |    49 |   108 |   209 ||   410
Block: Shield            |       |       |       |   184 ||   184
